cohdb
Replays
Latest Replays
All Replays
Popular Replays
Top Player Replays
Match Explorer
How It Works
Community
CoH3 Stats
Reddit
Sign in to upload your games and track your stats! →
Sign in with Steam
Match 42598312
Unlisted
Match 42598312
Overview
Messages
Build Orders
End
Construct Barracks
Selects Special Operations Battlegroup
Selects M29 Weasel Recon Vehicle
M29 Weasel Recon Vehicle
Riflemen Squad
Riflemen Squad
Grenade Package
Construct Weapon Support Center
Bazooka Squad
Infantry Support Center
Selects Raiding Flares
M3 Armored Personnel Carrier
Construct Medical Station
Selects SSF Commando Squad
SSF Commando Squad
SSF Commando Squad
Construct Tank Depot
Selects P-47 Anti-Infantry Loiter
Selects UNKNOWN (2162291)
M18 Hellcat Tank Destroyer
M4A1 Sherman Whizbang
M18 Hellcat Tank Destroyer
Engineer Squad
Selects Assault Operation
M4(105) Sherman Bulldozer
Anubis
Sarmynation
Angreifen.
SgtHackermaaaann.NSG
0
0
Comments
sign in to comment!
No comments posted yet!